 Dungeon Crawl Stone Soup version 0.24-a0-170-gd8427f5 (webtiles) character file.

Game seed: 12178287287467084309

178 Borgoz the Skirmisher (level 5, 0/33 HPs)
             Began as a Gargoyle Monk on Mar 8, 2019.
             Slain by an orc
             ... wielding a +0 trident
              (4 damage)
             ... on level 3 of the Dungeon.
             The game lasted 00:04:06 (3302 turns).

Borgoz the Skirmisher (Gargoyle Monk)               Turns: 3302, Time: 00:04:06

Health: 0/33       AC:  8    Str: 15    XL:     5   Next: 58%
Magic:  5/5        EV: 12    Int: 11    God:
Gold:   110        SH:  0    Dex: 12    Spells: 4/4 levels left

rFire    + . .     SeeInvis .   a - +0 short sword
rCold    x . .     Gourm    .   (no shield)
rNeg     + . .     Faith    .   i - +0 leather armour
rPois    ∞         Spirit   .   (no helmet)
rElec    +         Reflect  .   (no cloak)
rCorr    .         Harm     .   m - +0 pair of gloves
MR       .....                  (no boots)
Stlth    ++........             (no amulet)
HPRegen  0.11/turn              e - ring of fire
MPRegen  0.09/turn              (no ring)

@: very slightly contaminated
A: negative energy resistance 1, electricity resistance, unbreathing,
petrification resistance, rot immunity, AC +4
a: no special abilities


You were on level 3 of the Dungeon.
You were not hungry.

You visited 1 branch of the dungeon, and saw 4 of its levels.

You collected 110 gold pieces.

Inventory:

Hand Weapons
 a - a +0 short sword (weapon)
Armour
 i - a +0 leather armour (worn)
 m - a +0 pair of gloves (worn)
Jewellery
 e - a ring of fire (left hand)
 n - an uncursed amulet of rage {unknown}
Scrolls
 b - a scroll of remove curse {unknown}
 d - 5 scrolls of magic mapping {unknown}
 g - 6 scrolls of identify {unknown}
 h - a scroll of amnesia {unknown}
 l - a scroll of blinking {unknown}
Comestibles
 c - 6 rations
 j - 8 chunks of flesh


   Skills:
 + Level 4.0 Fighting
 * Level 3.9 Short Blades
 + Level 2.1 Armour
 + Level 3.0 Dodging
 + Level 3.1 Stealth


You had 4 spell levels left.
You didn't know any spells.
Your spell library was empty.

Dungeon Overview and Level Annotations

Branches:
Dungeon (4/15)
 Temple: D:4-7

Altars:
Okawaru
Yredelemnul

Shops:
D:4 ?


Innate Abilities, Weirdness & Mutations

You are resistant to torment.
Your stone body is resilient. (AC +4)
You are immune to poison.
You resist negative energy. (rN+)
You are resistant to electric shocks. (rElec)
You can survive without breathing.
You are immune to petrification.
You are immune to rotting.


Message History

You closely miss the goblin. The goblin barely misses you.
The orc barely misses you.
You hit the goblin.
You kill the goblin!
The orc hits you but does no damage.
You hit the orc.
The orc is almost dead.
The orc hits you but does no damage. x2
You hit the orc.
You kill the orc!
You swing at nothing.
The orc misses you.
You swing at nothing.
The orc misses you.
You swing at nothing.
The orc misses you.
You swing at nothing.
The orc hits you from afar with a +0 trident.
* * * LOW HITPOINT WARNING * * *
You swing at nothing.
The orc hits you but does no damage.
You swing at nothing.
The orc hits you with a +0 trident.
You die...

..#
#...........#
..#
###########.#
..# #.#
#.####... #.#
...........
#.#
#.##........
#.# #.# #...
... #.# #..
.. #.# #.#
..##
###..##@# ..#
......o.#
P..#
.###.#..#
...# # #..#
... #....#
ooS#...# #g..
#...# ...
#...# ##
#...#


You could see an orc.

Vanquished Creatures
  2 orc wizards (D:3)
  Terence (D:2)
  4 worms
  3 leopard geckos
  7 orcs (D:3)
  5 giant cockroaches
  8 hobgoblins
  4 jackals (D:3)
  3 quokkas
  3 ball pythons
  6 bats
  4 frilled lizards
  4 goblins
  12 kobolds
  8 rats
74 creatures vanquished.

Notes
Turn   | Place    | Note
-------+----------+-------------------------------------------
     0 | D:1      | Borgoz the Gargoyle Monk began the quest for the Orb.
     0 | D:1      | Reached XP level 1. HP: 14/14 MP: 1/1
   243 | D:1      | Reached XP level 2. HP: 15/19 MP: 2/2
   851 | D:1      | Reached XP level 3. HP: 18/23 MP: 3/3
  1315 | D:2      | Reached skill level 1 in Armour
  1678 | D:2      | Noticed Terence
  1736 | D:2      | Killed Terence
  1736 | D:2      | Reached XP level 4. HP: 12/29 MP: 4/4
  2157 | D:2      | Found a basalt altar of Yredelemnul.
  2157 | D:2      | Found an iron altar of Okawaru.
  3076 | D:4      | Found Kaimpyul's Magic Scroll Shoppe.
  3247 | D:3      | Reached XP level 5. HP: 9/33 MP: 5/5
  3251 | D:3      | Reached skill level 4 in Fighting
  3302 | D:3      | Slain by an orc

Levels and vault maps discovered:
D:1:      scummos_arrival_forest, layout_basic, hangedman_abyss_or_decor_stabs
D:2:      layout_basic, amethyst_overflow_temple_binary, first_ration,
          minmay_tetromino_s4, uniq_terence
D:3:      corexii_shack_village, layout_basic, demons_altar
D:4:      layout_rooms, serial_shops, nicolae_shop_competitors_out_of_business,
          uniq_pikel

Skill      XL: |  1  2  3  4  5 |
---------------+----------------+-----
Short Blades   | 3 |  3.9
Armour         | 1 2 |  2.1
Stealth        | 3 |  3.1
Fighting       | 4 |  4.0
Dodging        | 3 |  3.0

Action                   |  1- 3 |  4- 6 || total
-------------------------+-------+-------++-------
Melee: Short sword       |   180 |   182 ||   362
  Use: Potion            |     3 |     2 ||     5
 Stab: Sleeping          |     5 |     1 ||     6
       Invisible         |       |     7 ||     7
  Eat: Chunk             |     3 |     5 ||     8
Armor: Robe              |    26 |       ||    26
       Leather armour    |    13 |    61 ||    74
       Skin              |       |    24 ||    24
Dodge: Dodged            |    85 |    95 ||   180

Table legend:
 A = Non-vault XP
 B = Vault XP
 C = Vault XP percentage of total XP
 D = Non-vault monster count
 E = Vault monster count
 F = Vault count percentage of total count
                 A         B        C        D         E       F
            +---------+---------+-------+---------+---------+-------
      Total |     219 |      36 |  14.1 |      73 |       1 |   1.4
            +---------+---------+-------+---------+---------+-------
        D:1 |      35 |       0 |   0.0 |      22 |       0 |   0.0
        D:2 |      36 |      36 |  50.0 |      20 |       1 |   4.8
        D:3 |     148 |       0 |   0.0 |      31 |       0 |   0.0
            +---------+---------+-------+---------+---------+-------
